AoeStats
← hkfatih

Arena

506522488Analyzed
1v1 RM · 18d ago on Sep 13, 2026· 25m 23s· 2 players
Game mode
Random Map
Map size
Tiny (2 player)
Population
200
Speed
Normal
Resources
Standard
Victory
Conquest
Starting age
Dark Age
Ending age
Imperial Age
RankedLock teamsTeams togetherTeam positionsShared explorationLock speedFull tech treeHidden civsTurbo modeCheats
Victory
Defeat
🇪🇸 Burgundians · Spain
1302
+15
🇫🇷 Turks · France
1272
-15
DM | BadCat
3:13 Double-Bit Axe
10:42 Feudal Age
14:51 Castle Age
13:45 Bow Saw
13:17 Horse Collar
16:12 Heavy Plow
18:05 Wheelbarrow
20:46 Cavalier
21:41 Scale Barding Armor
22:08 Husbandry
23:08 Chain Barding Armor
hkfatih
11:14 Feudal Age
15:48 Castle Age
14:27 Double-Bit Axe
14:55 Gold Mining
20:43 Imperial Age
21:09 Padded Archer Armor
Connection lost

Rejoining the realm…

Still unreachable

The connection could not be restored.

Session expired

The server has moved on; the page needs a fresh start.